 Seeded DCSS version 0.27-a0-978-g2aa4ecdaef (webtiles) character file.

Game seed: 12246631163096203030 (custom seed)

3890 flotson the Chopper (level 10, 0/51 HPs)
             Began as a Vine Stalker Fighter on Apr 14, 2021.
             Was an Elder of Fedhas.
             Slain by a water moccasin (5 damage)
             ... on level 8 of the Dungeon.
             The game lasted 00:14:03 (6631 turns).

flotson the Chopper (Vine Stalker Fighter)          Turns: 6631, Time: 00:14:03

Health: 0/51       AC: 19    Str: 23    XL:     10   Next: 19%
Magic:  0/14       EV:  6    Int:  8    God:    Fedhas [****..]
Gold:   335        SH: 10    Dex: 13    Spells: 9/9 levels left

rFire    + . .     SeeInvis .   a - +2 broad axe (vamp)
rCold    . . .     Faith    .   c - +0 kite shield
rNeg     . . .     Spirit   +   z - +1 chain mail {rF+}
rPois    .         Reflect  .   u - +0 helmet
rElec    .         Harm     .   p - +0 cloak
rCorr    .         Rampage  .   (no gloves)
Will     ++...                  y - +1 pair of boots
Stlth    ..........             l - amulet of regeneration
HPRegen  2.17/turn              m - ring of willpower
MPRegen  0.14/turn              E - +4 ring of protection

@: mighty, on berserk cooldown, slowed, very slow
A: fangs 3, regeneration 1, magic shield, antimagic bite, no potion heal 2
a: Renounce Religion, Wall of Briars, Grow Ballistomycete, Overgrow


You were on level 8 of the Dungeon.
You worshipped Fedhas.
Fedhas was greatly pleased with you.
You visited 2 branches of the dungeon, and saw 9 of its levels.

You collected 335 gold pieces.

Inventory:

Hand Weapons
 a - a +2 vampiric broad axe (weapon)
Missiles
 n - 37 poisoned darts
 w - 4 boomerangs
 A - 17 boomerangs of dispersal (quivered)
Armour
 c - a +0 kite shield (worn)
 p - a +0 cloak (worn)
 u - a +0 helmet (worn)
 y - a +1 pair of boots (worn)
 z - a +1 chain mail of fire resistance (worn)
Jewellery
 e - a ring of flight
 l - an amulet of regeneration (around neck)
 m - a ring of willpower (left hand)
 E - a +4 ring of protection (right hand)
Wands
 k - a wand of flame (13)
 s - a wand of digging (3)
 x - a wand of paralysis (7)
Scrolls
 f - 3 scrolls of blinking {unknown}
 g - 2 scrolls of vulnerability {unknown}
 h - 3 scrolls of magic mapping {unknown}
 i - 3 scrolls of teleportation {unknown}
 o - 3 scrolls of amnesia {unknown}
 r - 2 scrolls of enchant armour {unknown}
 t - a scroll of silence {unknown}
 v - 2 scrolls of noise {unknown}
 D - 2 scrolls of summoning {unknown}
Potions
 b - a potion of attraction {unknown}
 j - 3 potions of lignification
 q - 2 potions of mutation


   Skills:
 + Level 5.5 Fighting
 * Level 6.1 Axes
 + Level 4.4 Throwing
 + Level 5.0 Armour
 + Level 4.5 Stealth
 + Level 5.5 Shields
 + Level 4.4 Invocations
 + Level 3.9 Evocations


You had 9 spell levels left.
You didn't know any spells.
Your spell library contained the following spells:

 Spells                   Type           Power      Damage    Failure   Level
 Animate Skeleton         Necr           0%         N/A       100%        1
 Freeze                   Ice            0%         1d3       100%        1
 Pain                     Necr           0%         1d4       100%        1
 Frozen Ramparts          Ice            0%         1d2       100%        3
 Ozocubu's Armour         Ice            0%         N/A       100%        3
 Vampiric Draining        Necr           0%         2d6       100%        3
 Animate Dead             Necr           0%         N/A       100%        4
 Hailstorm                Conj/Ice       0%         3d3       100%        4
 Agony                    Necr           0%         N/A       100%        5
 Metabolic Englaciation   Hex/Ice        0%         N/A       100%        5


Dungeon Overview and Level Annotations

Branches:
Dungeon (8/15)             Temple (1/1) D:4
   Lair: D:8-11

Altars:
Cheibriados
Dithmenos
Fedhas
Gozag
Makhleb
Nemelex Xobeh
Ru
Uskayaw
Yredelemnul
Zin
The Shining One

Shops:
D:1 =


Innate Abilities, Weirdness & Mutations

You have razor-sharp teeth.
Your natural rate of healing is unusually fast.
When hurt, damage is shared between your health and your magic reserves.
Your bite disrupts and absorbs the magic of your enemies.
Potions cannot restore your health.


Message History

The two-headed ogre is heavily wounded.
You feel sick. You block the killer bee's attack. x3
The water moccasin bites you but does no damage.
The killer bee barely misses you. The killer bee stings you.
* * * LOW HITPOINT WARNING * * *
The water moccasin bites you but does no damage.
The killer bee barely misses you.
The killer bee stings you but does no damage.
The water moccasin bites you but does no damage.
The killer bee stings you but does no damage.
You barely miss the killer bee. Your bite misses the killer bee.
The killer bee is severely wounded.
Your chain mail prevents you from hitting the water moccasin.
You barely miss the killer bee.
Your chain mail prevents you from hitting the orc.
You feel sick.
The killer bee stings you but does no damage. x2
You block the killer bee's attack. The killer bee barely misses you.
The water moccasin bites you but does no damage.
You block the orc's attack. You block the killer bee's attack.
The killer bee closely misses you. The water moccasin bites you.
* * * LOW HITPOINT WARNING * * *
You are more poisoned.
The water moccasin poisons you! The orc hits you with a +0 short sword.
* * * LOW HITPOINT WARNING * * *
The killer bee stings you but does no damage.
The killer bee barely misses you.
The water moccasin bites you but does no damage.
The orc hits you with a +0 short sword.
* * * LOW HITPOINT WARNING * * *
Your system rejects the healing.
You feel better. You block the killer bee's attack. x2
The killer bee stings you but does no damage.
You block the killer bee's attack.
The water moccasin bites you but does no damage.
The killer bee barely misses you. The killer bee stings you.
* * * LOW HITPOINT WARNING * * *
The orc hits you but does no damage. The water moccasin bites you.
You die...
Fedhas appreciates your contribution to the ecosystem.

. # .. .# ...
#.# ....
###..# ##O....
#...###yoZ#
#<# ##@o#
.###.#.###Sy##
#......y.)..##
...##....†###
#...##$..
...$.# #.....
..#.# #.....#
..##. #(....#
.. .. #.....#


You could see a two-headed ogre, a water moccasin, 2 killer bees, 2 orcs and a
centaur zombie.

Vanquished Creatures
  Sigmund (D:5)
  A wraith (D:8)
  Edmund (D:5)
  A sky beast (D:6)
  Duvessa (D:7)
  A water moccasin (D:8)
  A black bear (D:6)
  2 ice beasts (D:7)
  2 orc warriors (D:6)
  A necrophage (D:6)
  An ogre (D:6)
  A phantom (D:5)
  Blork the orc (D:5)
  3 kobold brigands (D:7)
  4 bullfrogs
  A wyvern skeleton (D:7)
  2 scorpions (D:5)
  Dowan (D:7)
  13 killer bees
  4 howler monkeys
  2 bullfrog zombies (D:7)
  2 hounds
  Crazy Yiuf (D:2)
  2 centaur zombies
  2 orc priests
  A bullfrog skeleton (D:6)
  2 jellies
  A centaur skeleton (D:4)
  6 iguanas
  Ijyb (D:4)
  4 orc wizards
  A killer bee zombie (D:7)
  Robin (D:4)
  10 gnolls
  6 adders
  A shadow imp (D:5)
  2 white imps
  3 ufetubi
  2 adder skeletons (D:4)
  4 worms
  A dart slug (D:2)
  14 orcs
  10 ball pythons
  11 endoplasms
  A giant cockroach (D:2)
  14 goblins
  5 hobgoblins
  7 jackals
  8 quokkas
  A bat (D:3)
  4 frilled lizards
  7 kobolds
  4 rats
184 creatures vanquished.

Vanquished Creatures (others)
  47 plants (D:4)
47 creatures vanquished.

Grand Total: 231 creatures vanquished

Notes
Turn   | Place    | Note
-------+----------+-------------------------------------------
     0 | D:1      | flotson the Vine Stalker Fighter began the quest for the
                  | Orb.
     0 | D:1      | Reached XP level 1. HP: 11/11 MP: 2/2
   268 | D:1      | Reached XP level 2. HP: 16/16 MP: 3/3
   279 | D:1      | Reached skill level 2 in Axes
   302 | D:1      | Found Xoerehik's Jewellery Shop.
   924 | D:2      | Reached XP level 3. HP: 20/20 MP: 4/4
  1128 | D:2      | Gained mutation: Your natural rate of healing is unusually
                  | fast. [Vine Stalker growth]
  1128 | D:2      | Reached XP level 4. HP: 24/24 MP: 5/5
  1429 | D:2      | Found a runed translucent door.
  1430 | D:2      | Noticed Crazy Yiuf
  1453 | D:2      | Killed Crazy Yiuf
  1454 | D:2      | Reached skill level 1 in Throwing
  1454 | D:2      | Reached XP level 5. HP: 28/28 MP: 2/6
  2865 | D:4      | Found a staircase to the Ecumenical Temple.
  2866 | D:4      | You fall into a shaft and drop 1 floor!
  2866 | D:5      | Entered Level 5 of the Dungeon
  2928 | Temple   | Entered the Ecumenical Temple
  2935 | Temple   | Became a worshipper of Fedhas Madash
  3027 | D:4      | Noticed Robin
  3043 | D:4      | Killed Robin
  3044 | D:4      | Reached XP level 6. HP: 32/32 MP: 4/7
  3049 | D:4      | Reached skill level 3 in Axes
  3176 | D:4      | Reached * piety under Fedhas
  3234 | D:4      | Noticed Ijyb
  3241 | D:4      | Paralysed by Ijyb for 2 turns
  3250 | D:4      | Killed Ijyb
  3388 | D:4      | Reached skill level 1 in Invocations
  3642 | D:4      | Reached XP level 7. HP: 37/37 MP: 6/8
  4066 | D:5      | Reached skill level 1 in Evocations
  4137 | D:5      | Reached ** piety under Fedhas
  4175 | D:5      | Noticed Edmund
  4191 | D:5      | Killed Edmund
  4260 | D:5      | Noticed Blork the orc
  4268 | D:5      | Killed Blork the orc
  4270 | D:5      | Gained mutation: You have razor-sharp teeth. [Vine Stalker
                  | growth]
  4270 | D:5      | Reached XP level 8. HP: 42/42 MP: 10/10
  4599 | D:5      | Noticed Sigmund
  4608 | D:5      | Killed Sigmund
  4612 | D:5      | Reached skill level 4 in Axes
  5073 | D:6      | Reached skill level 1 in Stealth
  5444 | D:6      | Reached XP level 9. HP: 46/46 MP: 12/12
  5446 | D:6      | Found an opulent altar of Gozag.
  5747 | D:7      | Noticed Dowan
  5749 | D:7      | Noticed Duvessa
  5758 | D:7      | Killed Duvessa
  5765 | D:7      | Killed Dowan
  5821 | D:7      | Reached skill level 5 in Shields
  5834 | D:7      | Reached skill level 5 in Axes
  5942 | D:6      | Reached skill level 5 in Fighting
  5958 | D:6      | Reached *** piety under Fedhas
  6614 | D:8      | Reached XP level 10. HP: 51/51 MP: 11/14
  6617 | D:8      | Reached **** piety under Fedhas
  6620 | D:8      | Reached skill level 6 in Axes
  6621 | D:8      | Noticed a two-headed ogre
  6627 | D:8      | Reached skill level 5 in Armour
  6631 | D:8      | Slain by a water moccasin

Illustrated notes

Levels and vault maps discovered:
D:1:      kennysheep_arrival_forest, layout_rooms, serial_shops, shop,
          minmay_misc_feat_diagonals, minivault_23, nrook_campfire
D:2:      layout_basic, uniq_crazy_yiuf_cottage
D:3:      layout_loops_ring
D:4:      layout_basic, minmay_temple_entry_tees, serial_bayou,
          serial_bayou_ford_a, serial_bayou_pond_d, serial_bayou_shore_b,
          serial_bayou_lagoon_a, serial_bayou_pond_e, uniq_robin, uniq_ijyb
D:5:      layout_loops_ring, minmay_misc_feat_secret_circle, uniq_sigmund,
          uniq_blork_the_orc, uniq_edmund
D:6:      layout_basic, grunt_gozag_breadcrumbs
D:7:      layout_cave_pools, minmay_unpleasant_kobolds, uniq_duvessa
D:8:      layout_rooms, nzn_life_drinkers
Temple:   compressed_dpeg_triangle_lava_temple

Skill      XL: |  1  2  3  4  5  6  7  8  9 10 |
---------------+-------------------------------+-----
Axes           | 2 3 4 5 6 |  6.1
Shields        | 3 4 5 |  5.5
Fighting       | 3 4 5 |  5.5
Armour         | 3 4 5 |  5.0
Throwing       | 1 2 3 4 |  4.4
Invocations    | 1 2 3 4 |  4.4
Evocations     | 1 2 3 |  3.9
Stealth        | 2 4 |  4.5

Action                   |  1- 3 |  4- 6 |  7- 9 | 10-12 || total
-------------------------+-------+-------+-------+-------++-------
Melee: War axe           |    23 |       |       |       ||    23
       Bite              |    15 |    69 |    88 |     4 ||   176
       Dagger            |    49 |   218 |   110 |       ||   377
       Broad axe         |       |       |   195 |    15 ||   210
Throw: Dart              |     5 |    12 |     8 |       ||    25
       Boomerang         |       |       |       |     1 ||     1
  Use: Scroll            |       |       |     7 |       ||     7
       Potion            |       |       |     1 |     2 ||     3
Armor: Scale mail        |    19 |       |       |       ||    19
       Leather armour    |     8 |    66 |    25 |       ||    99
       Chain mail        |       |       |   258 |    74 ||   332
Dodge: Dodged            |    23 |    57 |   118 |    34 ||   232
Block: Kite shield       |    35 |   117 |   240 |    35 ||   427

Table legend: (Time is in decaauts)
 A = Elapsed time spent in this place.
 B = Non-inter-level travel time spent in this place.
 C = Inter-level travel time spent in this place.
 D = Time resting spent in this place.
 E = Time spent auto-exploring this place.
 F = Levels seen in this place.
 G = Mean time per level.
                   A        B        C        D        E       F      G
               +--------+--------+--------+--------+--------+-----+--------+
         Total |   6891 |   6579 |    312 |     55 |   4893 |   9 |  765.7 |
       Dungeon |   6876 |   6571 |    305 |     55 |   4893 |   8 |  859.5 |
        Temple |     14 |      7 |      7 |      0 |      0 |   1 |   14.0 |
               +--------+--------+--------+--------+--------+-----+--------+

Top non-repeatable levels by time:
     D:2: 1398 daAuts
     D:4: 1196 daAuts
     D:6: 1088 daAuts
     D:1: 893 daAuts
     D:5: 867 daAuts
     D:7: 751 daAuts
     D:3: 638 daAuts
     D:8: 43 daAuts
  Temple: 14 daAuts
